 Dungeon Crawl Stone Soup version 0.30-a0-634-g8abc85282e (webtiles) character file.

Game seed: 2792870647627105162

242 timneilson the Shield-Bearer (level 6, -18/38 HPs)
             Began as a Gargoyle Fighter on Jan 15, 2023.
             Demolished by an ogre
             ... wielding a +0 giant spiked club
              (25 damage)
             ... on level 4 of the Dungeon.
             The game lasted 00:06:00 (3371 turns).

timneilson the Shield-Bearer (Gargoyle Fighter)     Turns: 3371, Time: 00:06:00

Health: -18/38     AC: 15    Str: 20 (22) XL:     6   Next: 9%
Magic:  6/6        EV:  7    Int:  7 (8)  God:
Gold:   174        SH:  4    Dex:  8 (9)  Spells: 5/5 levels left

rFire   . . .      SeeInvis +    a - +0 long sword
rCold   . . .      Faith    .    c - +0 buckler
rNeg    + . .      Spirit   .    g - +0 chain mail
rPois   ∞          Reflect  .    h - +0 helmet
rElec   +          Harm     .    (no cloak)
rCorr   .          Rampage  .    (no gloves)
Will    +....                    (no boots) Stlth
                                 o - amulet of the acrobat
HPRegen 0.26/turn                f - ring of willpower
MPRegen 0.10/turn                l - ring of see invisible

@: no status effects
A: sickness immunity, AC +4, negative energy resistance 1, electricity
resistance, torment resistance 1, petrification resistance
a: no special abilities


You were on level 4 of the Dungeon.
You visited 1 branch of the dungeon, and saw 4 of its levels.

You collected 174 gold pieces.

Inventory:

Hand Weapons
 a - a +0 long sword (weapon)
Armour
 c - a +0 buckler (worn)
 g - a +0 chain mail (worn)
 h - a +0 helmet (worn)
Jewellery
 f - a ring of willpower (left hand)
 l - a ring of see invisible (right hand)
 o - an amulet of the acrobat (around neck)
Scrolls
 b - a scroll of blinking {unknown}
 d - 3 scrolls of teleportation {unknown}
 q - a scroll of enchant weapon {unknown}
Potions
 e - a potion of degeneration
 i - 3 potions of haste {unknown}
 j - a potion of flight
 k - a potion of heal wounds
 m - a potion of attraction {unknown}
 n - 4 potions of lignification {unknown}
 p - a potion of mutation {unknown}


   Skills:
 + Level 4.0 Fighting
 * Level 3.2 Long Blades
 * Level 4.4 Armour
 + Level 1.4 Dodging
 * Level 4.4 Shields


You had 5 spell levels left.
You didn't know any spells.
Your spell library was empty.

Dungeon Overview and Level Annotations

Branches:
Dungeon (4/15)
 Temple: D:4-7

Altars:
Gozag

Shops:
D:3 ??

Annotations:
D:3 2 runed translucent doors, snackwell's ghost, amateur DsTm
D:4 1 runed translucent door


Innate Abilities, Weirdness & Mutations

You are immune to sickness and miasma.
Your stone body is resilient. (AC +4)
You are immune to poison.
You resist negative energy. (rN+)
You are resistant to electric shocks. (rElec)
You are resistant to unholy torment.
You are immune to petrification.


Message History

No target in view!
No target in view!
No target in view!
No target in view!
No target in view!
No target in view!
Things that are here:
a +0 short sword; a kobold corpse
There is a stone staircase leading down here.
You see here a +0 dagger.
An ogre comes into view. It is wielding a +0 giant spiked club.
Found a stone staircase leading up.
The ogre shouts!
You hit the ogre.
The ogre is moderately wounded.
The ogre barely misses you.
You barely miss the ogre.
The ogre is moderately wounded.
The ogre hits you but does no damage.
You slash the ogre!
The ogre is heavily wounded.
The ogre barely misses you.
You barely miss the ogre.
The ogre is heavily wounded.
You barely miss the ogre.
The ogre is heavily wounded.
The ogre hits you with a +0 giant spiked club!
You hit the ogre.
The ogre is severely wounded.
The ogre closely misses you.
You hit the ogre but do no damage.
The ogre is severely wounded.
The ogre hits you with a +0 giant spiked club!!
Ouch! That really hurt!
* * * LOW HITPOINT WARNING * * *
You hit the ogre.
The ogre is almost dead.
The ogre hits you with a +0 giant spiked club!!
Ouch! That really hurt!
You die...

### ##### #.. ...# #.#
#.######## #O# ###....>....
###########@#####........)..
........................###.
########.#####.##.#.###.###.
#.# #.##.#.#....... #.# #.#
#.##.#.#.#.#### #.# #.#
#.##.....#.# # #.#
#.#####.##..#..#.#### #.#
#.......##.###....... #.#
####.#####..#..#.####


You could see an ogre.

Vanquished Creatures
  Robin (D:1)
  4 gnolls (D:3)
  6 adders
  An ufetubus (D:3)
  A worm (D:3)
  3 dart slugs
  An orc (D:3)
  5 ball pythons
  12 bats
  6 endoplasms
  17 giant cockroaches
  17 goblins
  11 hobgoblins
  2 jackals (D:1)
  3 quokkas
  2 frilled lizards (D:1)
  12 kobolds
  6 rats
110 creatures vanquished.

Notes
Turn   | Place    | Note
-------+----------+-------------------------------------------
     0 | D:1      | timneilson the Gargoyle Fighter began the quest for the
                  | Orb.
     0 | D:1      | Reached XP level 1. HP: 14/14 MP: 1/1
   119 | D:1      | Reached XP level 2. HP: 18/19 MP: 2/2
   287 | D:1      | Reached XP level 3. HP: 23/23 MP: 3/3
   652 | D:2      | Noticed Robin
   695 | D:1      | Killed Robin
   838 | D:2      | Reached XP level 4. HP: 27/28 MP: 4/4
  1117 | D:2      | Reached skill level 1 in Dodging
  1174 | D:2      | Reached XP level 5. HP: 25/33 MP: 5/5
  1783 | D:3      | Found Korym's Magic Scroll Emporium.
  1944 | D:3      | Identified the +9 dagger of Wiotow {heavy, Int+5 Dex-5 SInv
                  | Stlth+}
  2149 | D:3      | Found Xojaejy's Magic Scroll Shoppe.
  2151 | D:3      | Found a large runed translucent door.
  2152 | D:3      | Found a large runed translucent door.
  2166 | D:3      | Noticed snackwell's ghost (amateur DsTm)
  2506 | D:3      | Found an opulent altar of Gozag.
  2715 | D:4      | Reached XP level 6. HP: 38/38 MP: 6/6
  3120 | D:4      | Found a runed translucent door.
  3371 | D:4      | Demolished by an ogre

Illustrated notes

Levels and vault maps discovered:
D:1:      reono_arrival_mine, layout_loops_ring
D:2:      minmay_roachtagon, layout_basic, uniq_robin
D:3:      layout_loops_cross, nicolae_gozag_seed_capital, serial_shops,
          nicolae_shop_waterfront, shop, ebering_ghost_disaster_area,
          minmay_crystal_water
D:4:      layout_loops_ring, ebering_ghost_sewer_d, nicolae_figureground_sparkle

Skill      XL: |  1  2  3  4  5 |
---------------+----------------+-----
Long Blades    | 2 3 |  3.2
Dodging        | 1 |  1.4
Armour         | 4 |  4.4
Shields        | 4 |  4.4
Fighting       | 4 |  4.0

Action                   |  1- 3 |  4- 6 || total
-------------------------+-------+-------++-------
Melee: Long sword        |   153 |   340 ||   493
  Use: Scroll            |     2 |     5 ||     7
       Potion            |       |     4 ||     4
Armor: Scale mail        |    60 |       ||    60
       Chain mail        |    70 |   373 ||   443
Dodge: Dodged            |    88 |   222 ||   310
Block: Buckler           |    43 |   119 ||   162

Table legend: (Time is in decaauts)
 A = Elapsed time spent in this place.
 B = Non-inter-level travel time spent in this place.
 C = Inter-level travel time spent in this place.
 D = Time resting spent in this place.
 E = Time spent auto-exploring this place.
 F = Levels seen in this place.
 G = Mean time per level.
                   A        B        C        D        E       F      G
               +--------+--------+--------+--------+--------+-----+--------+
         Total |   3524 |   3459 |     65 |     73 |   2334 |   4 |  881.0 |
       Dungeon |   3524 |   3459 |     65 |     73 |   2334 |   4 |  881.0 |
               +--------+--------+--------+--------+--------+-----+--------+

Top non-repeatable levels by time:
     D:3: 1034 daAuts
     D:2: 1007 daAuts
     D:1: 762 daAuts
     D:4: 718 daAuts
